 Dungeon Crawl Stone Soup version 0.26.1-2-gb8aa6d0cf2 (webtiles) character file.

Game seed: 12004314246504778069

2202 Revguard the Conjurer (level 9, -8/74 HPs)
             Began as a Red Draconian Conjurer on Mar 29, 2021.
             Mangled by a two-headed ogre
             ... wielding a +0 giant club
              (10 damage)
             ... on level 7 of the Dungeon.
             The game lasted 00:37:45 (7572 turns).

Revguard the Conjurer (Red Draconian Conjurer)      Turns: 7572, Time: 00:37:46

Health: -8/74      AC: 12    Str:  8 (10) XL:     9   Next: 12%
Magic:  4/15       EV: 14    Int: 18 (20) God:
Gold:   579        SH:  0    Dex: 16 (19) Spells: 7/16 levels left

rFire    + . .     SeeInvis .   h - +4 quarterstaff (chaos)
rCold    . . .     Faith    .   (shield currently unavailable)
rNeg     . . .     Spirit   .   (armour unavailable)
rPois    .         Reflect  .   (helmet restricted)
rElec    .         Harm     .   i - +2 cloak {rCorr}
rCorr    +         Rampage  .   p - +0 pair of gloves
Will     +....                  q - +0 pair of boots
Stlth    +++.......             (no amulet)
HPRegen  0.22/turn              e - +6 ring of dexterity
MPRegen  0.14/turn              f - ring of willpower

@: very slightly contaminated
A: breathe fire, unfitting armour, beak, agile 1, fire resistance 1, sense
surroundings 1, cold-blooded, AC +7
a: Breathe Fire


You were on level 7 of the Dungeon.
You visited 2 branches of the dungeon, and saw 8 of its levels.
You also visited: Sewer and Ossuary.

You collected 579 gold pieces.

Inventory:

Hand Weapons
 h - a +4 quarterstaff of chaos (weapon)
Armour
 i - a +2 cloak of preservation (worn)
 p - a +0 pair of gloves (worn)
 q - a +0 pair of boots (worn)
Jewellery
 e - a +6 ring of dexterity (left hand)
 f - a ring of willpower (right hand)
 m - an uncursed ring of poison resistance
Wands
 j - a wand of acid (7)
 t - a wand of paralysis (9)
Scrolls
 b - a scroll of amnesia
 d - a scroll of fog
 o - a scroll of teleportation
 r - 3 scrolls of remove curse
 s - a scroll of enchant armour
Potions
 a - 2 potions of might
 k - 3 potions of curing
 l - a potion of mutation
 n - a potion of flight
 u - a potion of haste
Miscellaneous
 g - a tin of tremorstones (2/2)


   Skills:
 * Level 5.0 Fighting
 + Level 1.1(3.0) Maces & Flails
 + Level 4.4(4.5) Staves
 + Level 3.7 Dodging
 + Level 3.6 Stealth
 * Level 4.4 Spellcasting
 * Level 6.4 Conjurations
 * Level 3.1 Hexes
 * Level 3.5 Evocations


You had 7 spell levels left.
You knew the following spells:

 Your Spells              Type           Power        Failure   Level
b - Searing Ray           Conj           54%          1%          2
c - Dazzling Flash        Conj/Hex       42%          6%          3
d - Fulminant Prism       Conj/Hex       10%          19%         4

Your spell library contained the following spells:

 Spells                   Type           Power        Failure   Level
 Magic Dart               Conj           100%         1%          1
 Iskenderun's Mystic Bla  Conj/Tloc      15%          36%         4


Dungeon Overview and Level Annotations

Branches:
Dungeon (7/15)             Temple (1/1) D:5           Sewer (visited)
Ossuary (visited)

Altars:
Ashenzari
Cheibriados
Dithmenos
Elyvilon
Fedhas
Gozag
Hepliaklqana
Makhleb
Nemelex Xobeh
Okawaru
Qazlal
Ru
Sif Muna
Trog
Uskayaw
Vehumet
Wu Jian
Xom
Yredelemnul
Zin

Shops:
D:4 *   D:5 [


Innate Abilities, Weirdness & Mutations

You can breathe blasts of fire.
Your fiery red scales are hard. (AC +7)
You cannot fit into any form of body armour.
Your flesh is heat resistant. (rF+)
You are cold-blooded and may be slowed by cold attacks.
You have a beak for a mouth.
You are agile. (Dex +2)
You passively map a small area around you.


Message History

Press: ? - help, Shift-Dir - straight line, f - gnoll, p - two-headed ogre
Aim: a gnoll, wielding a +0 spear (18% to evade)
The searing ray hits the two-headed ogre!
The two-headed ogre is severely wounded.
The searing ray hits the gnoll!
The gnoll is heavily wounded. (Press . to maintain the ray.)
The gnoll hits you but does no damage.
The two-headed ogre hits you with a +0 giant club!!
* * * LOW HITPOINT WARNING * * *
The two-headed ogre hits you with a +0 giant spiked club.
* * * LOW HITPOINT WARNING * * *
Okay, then.
The searing ray hits the two-headed ogre!
The two-headed ogre is almost dead.
The searing ray hits the gnoll!
You kill the gnoll!
The two-headed ogre misses you.
The two-headed ogre hits you with a +0 giant spiked club!
You die...

* #.# #.# ## ###.###
...##.....#
..........# ,
##.##.....#########*
, * #...<..........
* ########.#######
#######...(.)O@# *
#.....'...(()###, ,
* #.S...#......# * ,
* #.....#......#
,#.OF..#......# *
#.....#......# *
##h########### * , ,
#g...#.. ..# , *
#.o..#...#..#


You could see a two-headed ogre.

Vanquished Creatures
  An orc warrior (D:6)
  2 water moccasins
  An ice beast (D:6)
  Purgy (Sewer)
  A phantom (D:7)
  2 sky beasts
  2 ogres
  A big kobold (D:7)
  3 bullfrogs
  7 wights (D:6)
  A human zombie (Ossuary)
  2 hounds (D:6)
  Crazy Yiuf (D:2)
  2 jellies
  An orc priest (D:6)
  2 orc wizards (D:6)
  Terence (D:3)
  An iguana (D:6)
  3 worker ants
  A big kobold zombie (Ossuary)
  2 mummies (Ossuary)
  5 gnolls
  5 adders
  3 river rats (D:4)
  3 shadow imps
  An ufetubus (D:6)
  2 oozes
  2 worms (D:2)
  3 dart slugs
  7 leopard geckos
  10 orcs
  4 ball pythons
  4 giant cockroaches
  7 gnoll zombies (Ossuary)
  6 goblins
  11 hobgoblins
  6 jackals
  A quokka (D:2)
  18 bats
  2 frilled lizards
  A goblin zombie (Ossuary)
  4 hobgoblin zombies (Ossuary)
  8 kobolds
  A quokka zombie (D:5)
  16 rats
168 creatures vanquished.

Vanquished Creatures (others)
  6 fulminant prisms
6 creatures vanquished.

Grand Total: 174 creatures vanquished

Notes
Turn   | Place    | Note
-------+----------+-------------------------------------------
     0 | D:1      | Revguard the Draconian Conjurer began the quest for the
                  | Orb.
     0 | D:1      | Reached XP level 1. HP: 14/14 MP: 3/3
   207 | D:1      | Reached skill level 1 in Fighting
   292 | D:1      | Reached XP level 2. HP: 23/23 MP: 5/5
   295 | D:1      | Learned a level 2 spell: Searing Ray
   882 | D:1      | Reached XP level 3. HP: 27/29 MP: 6/6
   886 | D:1      | Learned a level 3 spell: Dazzling Flash
  1511 | D:2      | Reached XP level 4. HP: 29/36 MP: 1/7
  1523 | D:2      | Reached skill level 5 in Conjurations
  1767 | D:2      | Found a radiant altar of Vehumet.
  1776 | D:2      | Gained mutation: You possess an exceptional clarity of
                  | mind. [potion of mutation]
  1776 | D:2      | Gained mutation: Your magical capacity is low. (-10% MP)
                  | [potion of mutation]
  1776 | D:2      | Gained mutation: You passively map a small area around you.
                  | [potion of mutation]
  1776 | D:2      | Gained mutation: You are agile. (Dex +2) [potion of
                  | mutation]
  1875 | D:2      | Found a faded altar of an unknown god.
  2031 | D:2      | Found a shimmering blue altar of Sif Muna.
  2622 | D:2      | Found a runed translucent door.
  2623 | D:2      | Noticed Crazy Yiuf
  2666 | D:2      | Killed Crazy Yiuf
  2667 | D:2      | Reached XP level 5. HP: 41/41 MP: 2/8
  3156 | D:3      | Lost mutation: You are agile. (Dex +2) [potion of mutation]
  3156 | D:3      | Lost mutation: Your magical capacity is low. (-10% MP)
                  | [potion of mutation]
  3156 | D:3      | Gained mutation: You have a beak for a mouth. [potion of
                  | mutation]
  3156 | D:3      | Lost mutation: You possess an exceptional clarity of mind.
                  | [potion of mutation]
  3156 | D:3      | Gained mutation: You are agile. (Dex +2) [potion of
                  | mutation]
  3507 | D:3      | Noticed Terence
  3519 | D:3      | Killed Terence
  3520 | D:3      | Reached skill level 1 in Maces & Flails
  3718 | D:3      | Found a basalt altar of Yredelemnul.
  3977 | D:4      | Found Zin's Purification Station.
  3982 | D:4      | Found a glowing silver altar of Zin.
  4129 | D:4      | Noticed an ogre
  4139 | D:4      | Killed an ogre
  4140 | D:4      | Reached XP level 6. HP: 33/50 MP: 1/10
  4476 | D:4      | Reached skill level 1 in Hexes
  4522 | D:4      | Reached skill level 1 in Evocations
  4529 | D:4      | Found a glowing drain.
  4548 | Sewer    | Entered a sewer
  4558 | Sewer    | Reached skill level 1 in Staves
  4640 | Sewer    | Noticed Purgy
  4653 | Sewer    | Killed Purgy
  4654 | Sewer    | Your scales start taking on a fiery red colour.
  4654 | Sewer    | Reached XP level 7. HP: 57/57 MP: 2/11
  4654 | Sewer    | Gained mutation: Your flesh is heat resistant. (rF+) [Red
                  | Draconian growth]
  4865 | D:5      | Entered Level 5 of the Dungeon
  5149 | D:5      | Found a sand-covered staircase.
  5154 | Ossuary  | Entered an ossuary
  5208 | Ossuary  | Learned a level 4 spell: Fulminant Prism
  5926 | D:5      | Found Dykew's Antique Armour Emporium.
  6042 | D:5      | Found a staircase to the Ecumenical Temple.
  6048 | Temple   | Entered the Ecumenical Temple
  6325 | D:6      | Reached XP level 8. HP: 30/66 MP: 0/13
  6659 | D:6      | Reached skill level 6 in Conjurations
  7339 | D:7      | Noticed a two-headed ogre
  7374 | D:7      | Reached XP level 9. HP: 61/73 MP: 11/15
  7564 | D:7      | Reached skill level 5 in Fighting
  7571 | D:7      | HP: 2/74 [two-headed ogre/+0 giant club (6)]
  7572 | D:7      | Mangled by a two-headed ogre

Illustrated notes

Levels and vault maps discovered:
D:1:      saegor_arrival_simple_d, layout_loops_ring
D:2:      wad_crossroads, layout_basic, vehumet_crystals, lemuel_crystal_altar,
          chequers_ecumenical_altar_island, uniq_crazy_yiuf_cottage
D:3:      layout_loops_ring, nicolae_overflow_crystal_walls, uniq_terence
D:4:      layout_basic, zin_purify, portal_sewer_entry_e
D:5:      layout_basic, minmay_temple_entry_fiery, enter_ossuary_5,
          serial_shops, nicolae_shop_stone
D:6:      layout_basic
D:7:      minmay_clustersquares, layout_loops_corners, kennysheep_donut,
          uniq_menkaure
Temple:   nicolae_temple_elliptical

Skill      XL: |  1  2  3  4  5  6  7  8  9 |
---------------+----------------------------+-----
Fighting       | 1 2 3 4 5 |  5.0
Conjurations   | 5 6 |  6.4
Dodging        | 2 3 |  3.7
Stealth        | 2 3 |  3.6
Maces & Flails | 1 |  1.1
Spellcasting   | 3 4 |  4.4
Hexes          | 1 2 3 |  3.1
Evocations     | 1 2 3 |  3.5
Staves         | 1 2 4 |  4.4

Action                   |  1- 3 |  4- 6 |  7- 9 || total
-------------------------+-------+-------+-------++-------
Melee: Mace              |    29 |    22 |       ||    51
       Unarmed           |     3 |       |       ||     3
       Tailslap          |       |     6 |    17 ||    23
       Quarterstaff      |       |    41 |   109 ||   150
       Peck              |       |     7 |    13 ||    20
 Cast: Magic Dart        |    21 |    10 |     1 ||    32
       Searing Ray       |    13 |    27 |    12 ||    52
       Dazzling Flash    |       |     3 |       ||     3
       Fulminant Prism   |       |       |     6 ||     6
 Abil: Breathe Fire      |       |       |     7 ||     7
  Use: Potion            |       |     6 |     2 ||     8
       Scroll            |       |     5 |    10 ||    15
 Stab: Sleeping          |     1 |     7 |     1 ||     9
       Distracted        |       |       |     1 ||     1
Armor: Skin              |    24 |    43 |    63 ||   130
Dodge: Dodged            |    52 |    78 |   123 ||   253
